cohdb
Replays
Latest Replays
All Replays
Popular Replays
Top Player Replays
Match Explorer
How It Works
Community
CoH3 Stats
Reddit
Sign in to upload your games and track your stats! →
Sign in with Steam
Match 40500500
Unlisted
Match 40500500
Overview
Messages
Build Orders
End
Royal Engineer Section
Construct Section Command Post
Infantry Section
Infantry Section
Infantry Section
Selects Indian Artillery Battlegroup
Construct Field Infirmary
Construct Platoon Command Post
Selects Valour
Selects Artillery Saturation
Infantry Training
Unlock Bishop Self-propelled Artillery
Selects Gurkha Rifles Section
Gurkha Rifles Section
Qhunter
sharpshooter
Laevateinn
Hanwoomul
0
0
Comments
sign in to comment!
No comments posted yet!